 Dungeon Crawl Stone Soup version 0.30-a0-358-g0d69a1922f (webtiles) character file.

Game seed: 4123530938035534025

14 koil the Sneak (level 2, -1/20 HPs)
             Began as a Vampire Enchanter on Nov 10, 2022.
             Frozen to death by an endoplasm (5 damage)
             ... on level 1 of the Dungeon.
             The game lasted 00:01:18 (321 turns).

koil the Sneak (Vampire Enchanter)                   Turns: 321, Time: 00:01:18

Health: -1/20      AC:  2    Str:  7    XL:     2   Next: 27%
Magic:  5/5        EV: 12    Int: 17    God:
Gold:   13         SH:  0    Dex: 14    Spells: 3/5 levels left

rFire   . . .      SeeInvis +    a - +1 dagger
rCold   . . .      Faith    .    (no shield)
rNeg    . . .      Spirit   .    b - +0 robe
rPois   .          Reflect  .    (no helmet)
rElec   .          Harm     .    (no cloak)
rCorr   .          Rampage  .    (no gloves)
Will    .....                    (no boots)
Stlth   +++.......               (no amulet)
HPRegen 0.43/turn                (no ring)
MPRegen 0.09/turn                (no ring)

@: flying, healing quickly, invisible
A: alive, fangs 3, see invisible, vampiric 1
a: Exsanguinate


You were on level 1 of the Dungeon.
You visited 1 branch of the dungeon, and saw 1 of its levels.

You collected 13 gold pieces.

Inventory:

Hand Weapons
 a - a +1 dagger (weapon)
Armour
 b - a +0 robe (worn)
Potions
 c - a potion of invisibility
 d - a potion of flight


   Skills:
 + Level 0.5 Fighting
 + Level 1.3 Short Blades
 + Level 2.3 Dodging
 + Level 4.7 Stealth
 + Level 2.1 Spellcasting
 + Level 4.6 Hexes


You had 3 spell levels left.
You knew the following spells:

 Your Spells              Type           Power      Damage    Failure   Level
a - Ensorcelled Hibernat  Hex/Ice        18%        N/A       11%         2

Your spell library contained the following spells:

 Spells                   Type           Power      Damage    Failure   Level
 Confusing Touch          Hex            17%        N/A       9%          3
 Tukima's Dance           Hex            17%        N/A       9%          3
 Dazzling Flash           Conj/Hex       18%        N/A       22%         3


Dungeon Overview and Level Annotations

Branches:
Dungeon (1/15)

Altars:


Innate Abilities, Weirdness & Mutations

Your natural rate of healing is accelerated.
You have razor-sharp teeth.
You have supernaturally acute eyesight. (SInv)
You are afflicted with vampirism.


Message History

You closely miss the jackal.
The jackal is severely wounded.
The jackal bites you but does no damage.
The endoplasm closely misses you.
You hit the jackal but do no damage.
The jackal is severely wounded.
The jackal closely misses you.
You hit the jackal.
You kill the jackal!
The endoplasm freezes you.
You are frozen.
The jackal barely misses you.
You hit the jackal. You bite the jackal.
The jackal is severely wounded.
The endoplasm hits you but does no damage.
The jackal misses you.
You barely miss the jackal.
The jackal is severely wounded.
The jackal bites you. The endoplasm misses you.
A goblin comes into view. It is wielding a +0 rapier.
The jackal barely misses you.
You closely miss the jackal.
The jackal is severely wounded.
The endoplasm freezes you.
You are frozen.
The jackal bites you.
You hit the jackal but do no damage.
The jackal is severely wounded.
The endoplasm freezes you.
You are frozen.
* * * LOW HITPOINT WARNING * * *
The jackal bites you.
* * * LOW HITPOINT WARNING * * *
It was a potion of flight.
You feel very buoyant.
You fly up into the air.
The jackal closely misses you.
The endoplasm jiggles.
The endoplasm completely misses you. The jackal closely misses you.
You fade into invisibility!
The endoplasm freezes you.
You are frozen.
You die...

. g. .###.# .....
##### ..#.#
#...####.#.#.#
#†.#..##.#.#.# #.
#..###..#.#h#.#.#..
. .$...
#.....@J#.#.#.#.
#.....
##.............
#....#
##......##..##.#
......
#...(.........
...... ##......#..#
...#.# ##.#....>.#
# ####.#...# #####
####..# #.#.####
####.#)..#


You could see an endoplasm, a jackal (unable to see you) and a goblin
(wandering, unable to see you).

Vanquished Creatures
  An endoplasm (D:1)
  A giant cockroach (D:1)
  2 goblins (D:1)
  A hobgoblin (D:1)
  A jackal (D:1)
  4 kobolds (D:1)
  A bat (D:1)
11 creatures vanquished.

Notes
Turn   | Place    | Note
-------+----------+-------------------------------------------
     0 | D:1      | koil the Vampire Enchanter began the quest for the Orb.
     0 | D:1      | Reached XP level 1. HP: 13/13 MP: 3/3
   215 | D:1      | Reached XP level 2. HP: 13/20 MP: 5/5
   243 | D:1      | Learned a level 2 spell: Ensorcelled Hibernation
   319 | D:1      | HP: 3/20 [jackal (3)]
   321 | D:1      | Frozen to death by an endoplasm

Illustrated notes

Levels and vault maps discovered:
D:1:      dpeg_arrival_fog, layout_basic, nicolae_figureground_sparkle

Action                   || total
-------------------------++-------
Melee: Dagger            ||    42
       Bite              ||     4
 Cast: Ensorcelled Hiber ||     1
  Use: Potion            ||     2
 Stab: Sleeping          ||     4
Armor: Robe              ||     7
Dodge: Dodged            ||    25

Table legend: (Time is in decaauts)
 A = Elapsed time spent in this place.
 B = Non-inter-level travel time spent in this place.
 C = Inter-level travel time spent in this place.
 D = Time resting spent in this place.
 E = Time spent auto-exploring this place.
 F = Levels seen in this place.
 G = Mean time per level.
                   A        B        C        D        E       F      G
               +--------+--------+--------+--------+--------+-----+--------+
         Total |    318 |    318 |      0 |      8 |    207 |   1 |  318.0 |
       Dungeon |    318 |    318 |      0 |      8 |    207 |   1 |  318.0 |
               +--------+--------+--------+--------+--------+-----+--------+

Top non-repeatable levels by time:
     D:1: 318 daAuts
